 Dungeon Crawl Stone Soup version 0.19.4-8-ga85b6b9 (webtiles) character file.

163 Daunt the Conjurer (level 5, -3/38 HPs)
             Began as a Draconian Fire Elementalist on Feb 11, 2017.
             Slain by an iguana (10 damage)
             ... on level 4 of the Dungeon on Feb 12, 2017.
             The game lasted 00:19:02 (3340 turns).

Daunt the Conjurer (Draconian Fire Elementalist)    Turns: 3340, Time: 00:19:03

Health: -3/38      AC:  6    Str: 10    XL:     5   Next: 20%
Magic:  0/8        EV: 12    Int: 17    God:
Gold:   197        SH:  0    Dex: 11    Spells: 3 memorised, 2 levels left

rFire  . . .     SeeInvis .     r - +1 short sword
rCold  . . .     Gourm    .     (armour unavailable)
rNeg   . . .     Faith    .     (no shield)
rPois  .         Spirit   .     (helmet restricted)
rElec  .         Reflect  .     (no cloak)
rCorr  .         Harm     .     y - +0 pair of gloves
MR     .....                    (no boots)
Stlth  ++........               (no amulet)
                                (no ring)
                                f - +1 ring of slaying

@: very slightly contaminated
A: unfitting armour, cold-blooded, AC +5
a: no special abilities


You were on level 4 of the Dungeon.
You were not hungry.

You visited 1 branch of the dungeon, and saw 4 of its levels.

You collected 197 gold pieces.

Inventory:

Hand Weapons
 l - a +0 mace
 r - a +1 short sword (weapon)
Missiles
 d - 75 stones (quivered)
Armour
 y - a +0 pair of gloves (worn)
Jewellery
 f - a +1 ring of slaying (left hand)
 B - an uncursed amulet of faith
Scrolls
 c - a scroll of immolation {unknown}
 g - a scroll of teleportation {unknown}
 h - a scroll of amnesia {unknown}
 j - a scroll of fear
 m - a scroll of enchant weapon
 s - a scroll of random uselessness {unknown}
 t - a scroll of noise {unknown}
 v - a scroll of remove curse
 w - a scroll of enchant armour {unknown}
 x - a scroll of magic mapping {unknown}
 A - a scroll of recharging {unknown}
Potions
 e - 2 potions of agility
 i - a potion of curing
 k - a potion of resistance
 n - a potion of degeneration {unknown}
 p - a potion of lignification {unknown}
 u - a potion of ambrosia {unknown}
 C - 2 potions of heal wounds {unknown}
Books
 a - a book of Flames

   Spells                             Type                      Level
   a - Flame Tongue                   Conjuration/Fire             1
   b - Throw Flame                    Conjuration/Fire             2
   c - Conjure Flame                  Conjuration/Fire             3
   d - Inner Flame                    Hexes/Fire                   3
   e - Sticky Flame                   Conjuration/Fire             4
   f - Fireball                       Conjuration/Fire             5
Comestibles
 b - 4 bread rations
 o - 3 beef jerkies
 q - 2 chunks of flesh
 z - a fruit


   Skills:
 - Level 1.7 Dodging
 - Level 1.7 Stealth
 - Level 2.0 Spellcasting
 + Level 4.4 Conjurations
 - Level 4.0 Fire Magic


You had 2 spell levels left.
You knew the following spells:

 Your Spells              Type           Power        Failure   Level  Hunger
a - Flame Tongue          Conj/Fire      ###..        3%          1    #......
b - Conjure Flame         Conj/Fire      ###.....     12%         3    ###....
c - Throw Flame           Conj/Fire      ###...       6%          2    ###....


Dungeon Overview and Level Annotations

Branches:
Dungeon (4/15)
 Temple: D:4-7

Altars:

Annotations:
D:4 Natasha


Innate Abilities, Weirdness & Mutations

Your plain brown scales are hard. (AC +5)
You cannot fit into any form of body armour.
You are cold-blooded and may be slowed by cold attacks.


Message History

The iguana is heavily wounded.
The iguana bites you!
Casting: Flame Tongue
Confirm with . or Enter, or press ? or * to list all spells.
Aiming: Flame Tongue
Press: ? - help, Shift-Dir - straight line, f/p - iguana
Aim: an iguana (heavily wounded)
The flame tongue hits the iguana.
The iguana appears unharmed.
The iguana is heavily wounded.
The iguana bites you!
* * * LOW HITPOINT WARNING * * *
Casting: Flame Tongue
Confirm with . or Enter, or press ? or * to list all spells.
Aiming: Flame Tongue
Press: ? - help, Shift-Dir - straight line, f/p - iguana
Aim: an iguana (heavily wounded)
The flame tongue hits the iguana.
The iguana is almost dead.
The iguana bites you!
You die...

##..>.#### ..
........... #..
......####. ...
####.## #.#
.....####### #.#
...........# #.#
####.#..<..####.#
#............######.#
###..........@l.....#
#.....#############
###..........
###.####### #.# #.#
#.# #.# #.#


You could see an iguana.

Vanquished Creatures
  Jessica (D:2)
  4 adders
  An ooze (D:1)
  An adder skeleton (D:4)
  3 worms
  3 dart slugs
  3 leopard geckos
  An orc (D:3)
  3 giant cockroaches
  8 goblins
  12 hobgoblins
  5 jackals
  A quokka (D:4)
  7 bats
  A frilled lizard (D:1)
  7 kobolds
  10 rats
71 creatures vanquished.

Notes
Turn   | Place    | Note
-------+----------+-------------------------------------------
     0 | D:1      | Daunt the Draconian Fire Elementalist began the quest for the Orb.
     0 | D:1      | Reached XP level 1. HP: 14/14 MP: 3/3
   183 | D:1      | Reached XP level 2. HP: 19/20 MP: 1/5
   603 | D:1      | Reached XP level 3. HP: 26/26 MP: 0/6
  1445 | D:2      | Noticed Jessica
  1950 | D:2      | Reached XP level 4. HP: 33/33 MP: 4/7
  2332 | D:2      | Killed Jessica
  2470 | D:3      | Learned a level 3 spell: Conjure Flame
  2473 | D:3      | Learned a level 2 spell: Throw Flame
  2823 | D:3      | Reached XP level 5. HP: 38/38 MP: 5/8
  3221 | D:4      | Noticed Natasha
  3340 | D:4      | Slain by an iguana

Skill      XL: |  1  2  3  4 |
---------------+-------------+-----
Fire Magic     | 4 |  4.0
Conjurations   | 3 4 |  4.4
Dodging        | |  1.7
Stealth        | |  1.7
Spellcasting   | |  2.0

Action                   |  1- 3 |  4- 6 || total
-------------------------+-------+-------++-------
Melee: Mace              |    10 |       ||    10
       Tailslap          |     2 |     1 ||     3
       Short sword       |       |     7 ||     7
Throw: Stone             |     1 |     1 ||     2
 Cast: Flame Tongue      |    78 |    84 ||   162
  Use: Scroll            |       |     6 ||     6
  Eat: Chunk             |     5 |     5 ||    10
Armor: Skin              |    28 |     9 ||    37
Dodge: Dodged            |    51 |    25 ||    76
